 Dungeon Crawl Stone Soup version 0.20.1-1-g8b1a95d (webtiles) character file.

161 vineage the Chopper (level 5, -2/50 HPs)
             Began as a Naga Berserker on July 22, 2017.
             Was a Follower of Trog.
             Killed from afar by Lorindel's ghost (5 damage)
             ... with an orb of energy
             ... on level 4 of the Dungeon.
             The game lasted 00:14:35 (2424 turns).

vineage the Chopper (Naga Berserker)                Turns: 2424, Time: 00:14:36

Health: -2/50      AC:  8    Str: 20    XL:     5   Next: 42%
Magic:  0/5        EV:  4    Int:  8    God:    Trog [*.....]
Gold:   131        SH:  0    Dex: 12    Spells: 4/4 levels left

rFire    . . .     SeeInvis +   v - -2 hand axe (curse)
rCold    . . .     Gourm    .   (no shield)
rNeg     . . .     Faith    .   t - +0 plate armour
rPois    +         Spirit   +   l - +0 helmet
rElec    .         Reflect  .   (no cloak)
rCorr    .         Harm     .   (no gloves)
MR       .....                  (no barding)
Stlth    ..........             r - amulet of guardian spirit
Regen    0.2/turn               h - +2 ring of dexterity
MPRegen  0.1/turn               e - ring of stealth

@: lethally poisoned (-2 -> -34), very slow
A: see invisible, deformed body, poison resistance, slowness 2, slow metabolism
1, spit poison 1, AC +1
a: Spit Poison, Berserk, Burn Spellbooks, Renounce Religion


You were on level 4 of the Dungeon.
You worshipped Trog.
Trog was aware of your devotion.
You were not hungry.

You visited 1 branch of the dungeon, and saw 4 of its levels.

You collected 131 gold pieces.

Inventory:

Hand Weapons
 a - a +1 hand axe
 v - a cursed -2 hand axe (weapon)
Armour
 b - a +0 animal skin
 g - a +0 robe
 l - a +0 helmet (worn)
 t - a +0 plate armour (worn)
Jewellery
 e - a ring of stealth (right hand)
 h - a +2 ring of dexterity (left hand)
 m - an uncursed amulet of magic regeneration
 n - an uncursed amulet of faith
 r - an amulet of guardian spirit (around neck)
 u - an uncursed amulet of the gourmand {unknown}
Scrolls
 i - a scroll of immolation
 k - a scroll of teleportation
 o - 3 scrolls of magic mapping
Potions
 f - 5 potions of lignification
 p - a potion of resistance
 s - a potion of magic
 w - a potion of might
Comestibles
 c - a bread ration
 d - a fruit
 j - 2 meat rations
 q - 2 royal jellies


   Skills:
 + Level 4.0 Fighting
 + Level 4.5 Axes
 + Level 1.9 Armour
 + Level 2.3 Dodging
 + Level 0.4 Stealth


You had 4 spell levels left.
You didn't know any spells.

Dungeon Overview and Level Annotations

Branches:
Dungeon (4/15)
 Temple: D:4-7

Altars:

Annotations:
D:4 Lorindel's ghost, amateur DECj


Innate Abilities, Weirdness & Mutations

You cannot wear boots.
Your serpentine skin is tough. (AC +1)
You have supernaturally acute eyesight. (SInv)
Armour fits poorly on your strangely shaped body.
Your system is resistant to poisons. (rPois)
You cover ground very slowly.
You have a slow metabolism.
You can spit poison.


Message History

You feel less confused.
* * * LOW HITPOINT WARNING * * *
You feel sick.
Lorindel's ghost hits you but does no damage.
You are more poisoned.
You hit Lorindel's ghost but do no damage.
* * * LOW HITPOINT WARNING * * *
You feel very sick. Lorindel's ghost barely misses you.
* * * LOW HITPOINT WARNING * * *
You feel very sick.
Lorindel's ghost hits you but does no damage.
Lorindel's ghost hits you.
* * * LOW HITPOINT WARNING * * *
You are more poisoned.
* * * LOW HITPOINT WARNING * * *
You feel very sick.
Lorindel's ghost gestures at you while chanting.
The orb of energy hits you!
You die...

###** #..,, ##.##*
#...,, **##### #..#**
*,,...# #..#
*,**#.###########..##
*,* #@...........†<.##
#.###.##(##.###.......
#...W.##.##...........
###.####.######.#...##
#.** #.# ##......#*
#,,* #.# ##.....#.#,
**,* #.# #........#,
*,* #.# ##.....#...
*,* *,* #.....#..#


You could see Lorindel's ghost.

Vanquished Creatures
  An orc wizard (D:3)
  5 adders
  A worm (D:2)
  2 dart slugs
  6 leopard geckos
  5 orcs (D:3)
  5 bats
  6 giant cockroaches
  6 goblins
  11 hobgoblins
  2 jackals (D:1)
  2 kobolds (D:2)
  2 quokkas
  A ball python (D:2)
  3 frilled lizards (D:3)
  8 rats
66 creatures vanquished.

Notes
Turn   | Place    | Note
-------+----------+-------------------------------------------
     0 | D:1      | vineage the Naga Berserker began the quest for the Orb.
     0 | D:1      | Reached XP level 1. HP: 21/21 MP: 1/1
   284 | D:1      | Reached XP level 2. HP: 27/28 MP: 2/2
   672 | D:2      | Reached XP level 3. HP: 34/34 MP: 3/3
  1204 | D:2      | Reached XP level 4. HP: 29/44 MP: 4/4
  1993 | D:3      | Reached * piety under Trog
  1999 | D:3      | Reached XP level 5. HP: 34/50 MP: 3/5
  2413 | D:4      | Noticed Lorindel's ghost (amateur DECj)
  2424 | D:4      | Killed from afar by Lorindel's ghost

Skill      XL: |  1  2  3  4 |
---------------+-------------+-----
Axes           | 4 |  4.5
Dodging        | 2 |  2.3
Fighting       | 4 |  4.0
Armour         | |  1.9
Stealth        | |  0.4

Action                   |  1- 3 |  4- 6 || total
-------------------------+-------+-------++-------
Melee: Hand axe          |    99 |   105 ||   204
  Use: Scroll            |     7 |     7 ||    14
       Potion            |     4 |       ||     4
  Eat: Bread ration      |       |     1 ||     1
       Chunk             |       |     1 ||     1
       Fruit             |       |     1 ||     1
Armor: Animal skin       |    35 |    12 ||    47
       Plate armour      |       |    55 ||    55
Dodge: Dodged            |    92 |    34 ||   126
